 Dungeon Crawl Stone Soup version 0.28.0-43-g3370ac3207 (webtiles) character file.

Game seed: 2354188918356569914

374 Acetwo5 the Magician (level 6, -1/32 HPs)
             Began as a Deep Elf Fire Elementalist on Mar 3, 2022.
             Slain by a water moccasin zombie (6 damage)
             ... in an ossuary.
             The game lasted 00:06:46 (3746 turns).

Acetwo5 the Magician (Deep Elf Fire Elementalist)   Turns: 3746, Time: 00:06:47

Health: -1/32      AC:  3    Str:  5    XL:     6   Next: 43%
Magic:  2/16       EV: 12    Int: 22    God:
Gold:   113        SH:  0    Dex: 15    Spells: 2/16 levels left

rFire   . . .      SeeInvis .   k - +3 flail
rCold   . . .      Faith    .   (no shield)
rNeg    . . .      Spirit   .   a - +1 robe
rPois   .          Reflect  .   (no helmet)
rElec   .          Harm     .   (no cloak)
rCorr   .          Rampage  .   (no gloves)
Will    +....                   (no boots)
Stlth   ++........              (no amulet)
HPRegen 0.10/turn               b - ring of willpower
MPRegen 0.15/turn               (no ring)

@: no status effects
A: no striking features
a: no special abilities


You were in an ossuary.
You visited 1 branch of the dungeon, and saw 6 of its levels.
You also visited: Ossuary.

You collected 113 gold pieces.

Inventory:

Hand Weapons
 i - a +1 dagger of venom
 k - a +3 flail (weapon)
Missiles
 e - 6 boomerangs of dispersal
Armour
 a - a +1 robe (worn)
Jewellery
 b - a ring of willpower (left hand)
Scrolls
 d - a scroll of fog
 f - a scroll of teleportation
Potions
 c - a potion of flight
 h - a potion of berserk rage
 j - a potion of mutation {unknown}


   Skills:
 - Level 2.4 Dodging
 - Level 2.4 Stealth
 + Level 5.8 Spellcasting
 + Level 4.2 Conjurations
 + Level 5.3 Fire Magic


You had 2 spell levels left.
You knew the following spells:

 Your Spells              Type           Power      Damage    Failure   Level
a - Foxfire               Conj/Fire      100%       2x1d9     1%          1
b - Scorch                Fire           58%        2d7       1%          2
c - Conjure Flame         Conj/Fire      27%        6-21      4%          3
d - Flame Wave            Conj/Fire      27%        2d7       13%         4
e - Sticky Flame          Conj/Fire      27%        2d5       13%         4

Your spell library contained the following spells:

 Spells                   Type           Power      Damage    Failure   Level
 Static Discharge         Conj/Air       15%        N/A       6%          2
 Inner Flame              Hex/Fire       18%        N/A       10%         3
 Dispel Undead            Necr           6%         3d8       67%         4


Dungeon Overview and Level Annotations

Branches:
Dungeon (6/15)            Ossuary (1/1)
 Temple: D:4-7

Altars:

Shops:
D:2 ?

Annotations:
D:2 1 runed translucent door, Crazy Yiuf


Message History

Casting: Conjure Flame (dangerous; 4% risk of failure)
Confirm with . or Enter, or press ? or * to list all spells.
The spell is quite dangerous to miscast (13% risk of failure)!
Continue anyway?
Okay, then.
Casting: Flame Wave (quite dangerous; 13% risk of failure)
Confirm with . or Enter, or press ? or * to list all spells.
You conjure some foxfire!
The gnoll zombie is engulfed in blazing flames.
You destroy the gnoll zombie!
Unknown command.
Casting: Foxfire (safe; 1% risk of failure)
Confirm with . or Enter, or press ? or * to list all spells.
You conjure some foxfire!
The foxfire hits the orc zombie.
The orc zombie is moderately damaged.
The foxfire hits the orc zombie.
The orc zombie is almost destroyed.
The foxfire hits the orc zombie.
You destroy the orc zombie!
Casting: Foxfire (safe; 1% risk of failure)
Confirm with . or Enter, or press ? or * to list all spells.
Flames lash the water moccasin zombie.
The water moccasin zombie is moderately damaged.
The water moccasin zombie's fire resistance burns away.
Unknown command.
Casting: Scorch (safe; 1% risk of failure)
Confirm with . or Enter, or press ? or * to list all spells.
Okay, then.
Okay, then.
Casting: Scorch (safe; 1% risk of failure)
Confirm with . or Enter, or press ? or * to list all spells.
The spell is quite dangerous to miscast (13% risk of failure)!
Continue anyway?
Okay, then.
Casting: Sticky Flame (quite dangerous; 13% risk of failure)
Confirm with . or Enter, or press ? or * to list all spells.
Flames lash the water moccasin zombie.
The water moccasin zombie is burned terribly!
The water moccasin zombie is heavily damaged.
The water moccasin zombie is engulfed in blazing flames.
The water moccasin zombie bites you.
You die...

#...# #
#...# #
#...# #
#...# #
#'### #
#...# #
#...# #
#...# #
#@Z§# #
###Z# #
..# # ...#
### #####
#..Z#
#?!!!#...#
#...+
+!![!#.∩.'
#.Z.#
#???!#...#
##### ###
#####


You could see a water moccasin zombie (combustible) and a hobgoblin zombie.

Vanquished Creatures
  A black bear (D:4)
  A water moccasin zombie (Ossuary)
  A hound (D:4)
  An orc wizard (D:3)
  A mummy (D:4)
  A howler monkey skeleton (D:4)
  5 adders
  An ufetubus (D:4)
  4 adder zombies (Ossuary)
  2 worms
  A dart slug (D:1)
  5 orcs
  An endoplasm (D:3)
  3 giant cockroaches
  3 gnoll zombies (Ossuary)
  6 goblins
  3 hobgoblins
  4 jackals (D:4)
  2 kobolds
  3 quokkas
  6 ball pythons
  2 bats (D:3)
  3 frilled lizards
  8 hobgoblin zombies (Ossuary)
  9 kobold zombies (Ossuary)
  3 orc zombies (Ossuary)
  A rat (D:3)
81 creatures vanquished.

Vanquished Creatures (others)
  229 foxfires
229 creatures vanquished.

Grand Total: 310 creatures vanquished

Notes
Turn   | Place    | Note
-------+----------+-------------------------------------------
     0 | D:1      | Acetwo5 the Deep Elf Fire Elementalist began the quest for
                  | the Orb.
     0 | D:1      | Reached XP level 1. HP: 10/10 MP: 6/6
    68 | D:1      | Found a faded altar of an unknown god.
   495 | D:1      | Reached XP level 2. HP: 15/15 MP: 8/8
  1368 | D:2      | Reached XP level 3. HP: 19/19 MP: 6/10
  1408 | D:2      | Found Matur's Magic Scroll Boutique.
  1644 | D:2      | Found a runed translucent door.
  1645 | D:2      | Noticed Crazy Yiuf
  1767 | D:2      | Learned a level 2 spell: Scorch
  1771 | D:2      | Learned a level 3 spell: Conjure Flame
  2372 | D:3      | Reached XP level 4. HP: 24/24 MP: 8/12
  2700 | D:3      | You fall into a shaft and drop 3 floors!
  2716 | D:5      | Entered Level 5 of the Dungeon
  2716 | D:5      | Noticed a lemure
  2787 | D:4      | Noticed a black bear
  2794 | D:4      | Killed a black bear
  2795 | D:4      | Reached skill level 5 in Spellcasting
  2795 | D:4      | Reached XP level 5. HP: 28/28 MP: 6/14
  2874 | D:4      | Reached skill level 5 in Fire Magic
  2874 | D:4      | Reached XP level 6. HP: 25/32 MP: 1/16
  2876 | D:4      | Found a sand-covered staircase.
  2948 | Ossuary  | Entered an ossuary
  3280 | Ossuary  | Learned a level 4 spell: Flame Wave
  3285 | Ossuary  | Learned a level 4 spell: Sticky Flame
  3746 | Ossuary  | Slain by a water moccasin zombie

Illustrated notes

Levels and vault maps discovered:
D:1:      matt_arrival_debris, layout_loops_corners,
          shapermc_ecumenical_altar_mp_ritualfount
D:2:      layout_basic, serial_shops, nicolae_shop_hallway_plus,
          uniq_crazy_yiuf_cottage
D:3:      layout_loops_cross
D:4:      layout_loops_cross, minmay_temple_entry_poolview, serial_shops,
          shop_fountains, nicolae_ossuary_entry_giza
D:5:      layout_basic, uniq_duvessa, uniq_edmund, uniq_blork_the_orc,
          uniq_pikel
D:6:      layout_cave_pods, serial_column_ruins, column_ruins_hut,
          column_ruins_courtyard_long, column_ruins_open_medium,
          column_ruins_open_small, column_ruins_columns_corner,
          column_ruins_grid_3, column_ruins_open_small, hangedman_decor_lopped,
          grunt_decor_arrowhead, corner_web_ring, minmay_misc_feat_rugged
Ossuary:  ossuary_tomb_2

Skill      XL: |  1  2  3  4  5  6 |
---------------+-------------------+-----
Conjurations   | 2 3 4 |  4.2
Spellcasting   | 4 5 |  5.8
Fire Magic     | 4 5 |  5.3
Dodging        | |  2.4
Stealth        | |  2.4

Action                   |  1- 3 |  4- 6 || total
-------------------------+-------+-------++-------
Melee: Dagger            |     5 |       ||     5
       Unarmed           |     1 |       ||     1
       Flail             |       |    12 ||    12
 Cast: Foxfire           |    74 |    73 ||   147
       Scorch            |     2 |    20 ||    22
       Conjure Flame     |       |     3 ||     3
  Use: Scroll            |     4 |     4 ||     8
 Stab: Sleeping          |     1 |       ||     1
Armor: Robe              |     2 |    12 ||    14
Dodge: Dodged            |    21 |    45 ||    66
